 Dungeon Crawl Stone Soup version 0.30-a0-948-g4fa250aae5 (webtiles) character file.

Game seed: 15133986694944939984

211 voltaire321 the Stinger (level 5, -1/51 HPs)
             Began as an Octopode Venom Mage on Mar 26, 2023.
             Slain by a lemure (5 damage)
             ... led by Pikel
             ... on level 4 of the Dungeon.
             The game lasted 00:07:04 (2623 turns).

voltaire321 the Stinger (Octopode Venom Mage)       Turns: 2623, Time: 00:07:04

Health: -1/51      AC: 22    Str:  8    XL:     5   Next: 88%
Magic:  8/8        EV:  2    Int: 17    God:
Gold:   242        SH:  8    Dex: 14    Spells: 6/9 levels left

rFire   . . .      SeeInvis .    i - +2 flail (venom)
rCold   . . .      Faith    .    h - +0 kite shield
rNeg    . . .      Spirit   .    (helmet currently unavailable)
rPois   +          Reflect  .    (no amulet)
rElec   .          Rampage  .    (no ring)
rCorr   .          NoTele   +    (no ring)
Will    .....                    (no ring)
Stlth   ++                       (no ring)
HPRegen 0.28/turn                (no ring)
MPRegen 0.11/turn                (no ring)
                                 (no ring)
                                 (no ring)

@: tree-form
A: stationary, stasis, torment immunity, boosted hp, almost no armour,
(amphibious), 8 rings, (camouflage 1), (gelatinous body 1), (nimble swimmer 1),
(tentacles)
a: no special abilities


You were on level 4 of the Dungeon.
You were a tree.
You visited 1 branch of the dungeon, and saw 4 of its levels.

You collected 242 gold pieces.

Inventory:

Hand Weapons
 i - a +2 flail of venom (weapon)
 q - a +1 short sword of draining
Armour
 h - a +0 kite shield (worn)
Jewellery
 p - a ring of fire
Scrolls
 b - a scroll of amnesia
 d - 2 scrolls of enchant armour {unknown}
 e - 7 scrolls of identify {unknown}
 f - a scroll of fog {unknown}
 g - 2 scrolls of immolation
 m - a scroll of teleportation {unknown}
 n - a scroll of vulnerability {unknown}
Potions
 a - a potion of magic
 c - a potion of resistance {unknown}
 j - a potion of attraction {unknown}
 k - a potion of might {unknown}
 l - a potion of lignification
 o - a potion of mutation {unknown}


   Skills:
 + Level 1.8 Fighting
 + Level 2.7 Dodging
 + Level 3.8 Stealth
 * Level 1.9 Shields
 + Level 2.6 Spellcasting
 - Level 2.0 Transmutations
 + Level 1.3 Air Magic
 + Level 4.2 Poison Magic


You had 6 spell levels left.
You knew the following spells:

 Your Spells              Type           Power      Damage    Failure   Level
a - Sting                 Tmut/Pois      48%        1d5       17%         1
b - Poisonous Vapours     Pois/Air       22%        N/A       28%         2

Your spell library contained the following spells:

 Spells                   Type           Power      Damage    Failure   Level
 Static Discharge         Conj/Air       8%         2-3/arc   56%         2
 Mephitic Cloud           Conj/Pois/Air  8%         N/A       63%         3
 Olgreb's Toxic Radiance  Pois           16%        N/A       71%         4
 Vhi's Electric Charge    Tloc/Air       8%         N/A       80%         3
 Arcjolt                  Conj/Air       2%         1d12      100%        5
 Plasma Beam              Fire/Air       2%         2x1d13    100%        5


Dungeon Overview and Level Annotations

Branches:
Dungeon (4/15)
 Temple: D:4-7

Altars:
Fedhas
Okawaru

Annotations:
D:4 Pikel


Innate Abilities, Weirdness & Mutations

You are a tree.
Your roots penetrate the ground, keeping you stationary.
You cannot be teleported.
You are immune to unholy pain and torment.
Your maximum health is greatly increased.
You cannot wear most types of armour.
((You are amphibious.))
You can wear up to eight rings at the same time.
((Your skin changes colour to match your surroundings (Stealth+).))
((Your rubbery body absorbs attacks. (AC +1, EV +1)))
((You are camouflaged when in or above water. (Stealth+)))
((You have tentacles for arms and can constrict up to eight enemies at once.))


Message History

A lemure comes into view.
Pikel, Merchant of Souls comes into view.
He is wielding a +0 whip of freezing.
You hear a shout!
You see here 10 gold pieces.
You closely miss the lemure. Your grab misses the lemure.
Your squeeze misses the lemure. The lemure closely misses you.
You closely miss the lemure. You grab the lemure. You constrict the lemure.
You block the lemure's attack. x2
You hit the lemure.
The lemure is poisoned.
The lemure is lightly wounded.
You constrict the lemure, but do no damage.
The lemure hits you! You block the lemure's attack.
You release your grip on the lemure.
The lemure attacks as you move away! You block the lemure's attack.
An orc priest comes into view. It is wielding a +0 club.
The orc priest looks braver for a moment.
The lemure attacks as you move away! The lemure hits you!
The orc attacks as you move away! You block the orc's attack.
The orc priest mumbles some strange prayers to Beogh against you.
Beogh smites you!
* * * LOW HITPOINT WARNING * * *
The lemure attacks as you move away! The lemure barely misses you.
The lemure attacks as you move away! The lemure hits you.
* * * LOW HITPOINT WARNING * * *
The lemure looks more healthy.
It was a potion of lignification.
You turn into a tree.
Your roots penetrate the ground.
You block the lemure's attack.
As you read the scroll labelled BOTWUE JOARHOR, it crumbles to dust.
The creatures around you are filled with an inner flame!
It was a scroll of immolation.
The lemure hits you.
* * * LOW HITPOINT WARNING * * *
You closely miss the lemure.
The lemure hits you but does no damage. x2
As you read the scroll labelled SATUJIA GAZAQY, it crumbles to dust.
It is a scroll of amnesia.
Really abort (and waste the scroll)? [Y]es or [N]o only, please.
Really abort (and waste the scroll)?
Okay, then.
The lemure hits you.
You die...

#.# #O# ## #)###
#. .).. #. ##..#
#. ...# #.
...###.
####.##.......
#....♣5....#
#####.####5o..##
...#.####.#..#
#.....##5#.##
#.......5.#
#...5#..#.#
#.......#.#
#.#5##.## # #
#.#.#...##


You could see 4 lemures and an orc (inner flame).

Vanquished Creatures
  A hound (D:4)
  An iguana (D:4)
  Terence (D:2)
  An orc wizard (D:4)
  A gnoll (D:1)
  4 adders
  A worm (D:3)
  2 dart slugs
  3 orcs
  2 ball pythons
  4 bats
  4 endoplasms
  A giant cockroach (D:1)
  5 hobgoblins
  4 kobolds
  4 quokkas
  3 frilled lizards
  5 goblins
  9 rats
56 creatures vanquished.

Vanquished Creatures (others)
  3 plants (D:4)
3 creatures vanquished.

Grand Total: 59 creatures vanquished

Notes
Turn   | Place    | Note
-------+----------+-------------------------------------------
     0 | D:1      | voltaire321 the Octopode Venom Mage began the quest for the
                  | Orb.
     0 | D:1      | Reached XP level 1. HP: 11/11 MP: 3/3
   124 | D:1      | Reached XP level 2. HP: 6/18 MP: 0/5
   525 | D:1      | Found a faded altar of an unknown god.
  1056 | D:2      | Reached skill level 1 in Fighting
  1056 | D:2      | Reached XP level 3. HP: 23/23 MP: 4/6
  1085 | D:2      | Learned a level 2 spell: Poisonous Vapours
  1116 | D:2      | Noticed Terence
  1140 | D:2      | Killed Terence
  1148 | D:2      | Reached skill level 4 in Poison Magic
  1148 | D:2      | Reached XP level 4. HP: 22/28 MP: 4/7
  1331 | D:2      | Reached skill level 1 in Shields
  1700 | D:3      | Found an iron altar of Okawaru.
  2281 | D:4      | Noticed an ogre
  2282 | D:4      | Reached XP level 5. HP: 33/33 MP: 4/8
  2288 | D:4      | Reached skill level 1 in Air Magic
  2426 | D:4      | Found a blossoming altar of Fedhas.
  2604 | D:4      | Noticed a lemure
  2604 | D:4      | Noticed a lemure
  2604 | D:4      | Noticed a lemure
  2605 | D:4      | Noticed a lemure
  2605 | D:4      | Noticed Pikel
  2623 | D:4      | Slain by a lemure

Illustrated notes

Levels and vault maps discovered:
D:1:      nzn_arrival_settlement, layout_basic,
          shapermc_ecumenical_altar_flowoftime, minmay_fountain_box
D:2:      layout_loops_ring, uniq_terence
D:3:      layout_basic, okawaru_metal_pillars_1_2, minmay_misc_feat_columns,
          minmay_pentangle
D:4:      minmay_bubble_buster, layout_loops_cross, fedhas_ov_isle_minmay,
          uniq_pikel, uniq_ijyb, uniq_blork_the_orc

Skill      XL: |  1  2  3  4  5 |
---------------+----------------+-----
Stealth        | 3 |  3.8
Fighting       | 1 |  1.8
Poison Magic   | 4 |  4.2
Shields        | 1 |  1.9
Air Magic      | 1 |  1.3
Transmutations | 2 |  2.0
Dodging        | |  2.7
Spellcasting   | |  2.6

Action                     |  1- 3 |  4- 6 || total
---------------------------+-------+-------++-------
  Melee: Unarmed           |    11 |       ||    11
         Constrict         |     9 |     9 ||    18
         Tentacles         |     7 |     4 ||    11
         Whip              |    30 |       ||    30
         Punch             |     1 |     1 ||     2
         Flail             |       |    49 ||    49
   Cast: Sting             |    17 |    28 ||    45
    Use: Scroll            |       |     2 ||     2
         Potion            |       |     1 ||     1
   Stab: Sleeping          |       |     1 ||     1
 Armour: Skin              |     3 |     7 ||    10
  Dodge: Dodged            |    31 |    26 ||    57
  Block: Kite shield       |     6 |    33 ||    39

Table legend: (Time is in decaauts)
 A = Elapsed time spent in this place.
 B = Non-inter-level travel time spent in this place.
 C = Inter-level travel time spent in this place.
 D = Time resting spent in this place.
 E = Time spent auto-exploring this place.
 F = Levels seen in this place.
 G = Mean time per level.
                   A        B        C        D        E       F      G
               +--------+--------+--------+--------+--------+-----+--------+
         Total |   2656 |   2512 |    144 |    197 |   1746 |   4 |  664.0 |
       Dungeon |   2656 |   2512 |    144 |    197 |   1746 |   4 |  664.0 |
               +--------+--------+--------+--------+--------+-----+--------+

Top non-repeatable levels by time:
     D:1: 971 daAuts
     D:3: 753 daAuts
     D:2: 666 daAuts
     D:4: 265 daAuts
